AoeStats
← CTM | Grabiel

Arabia

503697602Analyzed
4v4 RM · 1mo ago on Sep 1, 2026· 31m 5s· 8 players
Game mode
Random Map
Map size
Large (8 player)
Population
200
Speed
Normal
Resources
Standard
Victory
Conquest
Starting age
Dark Age
Ending age
Imperial Age
RankedLock teamsTeams togetherTeam positionsShared explorationLock speedFull tech treeHidden civsTurbo modeCheats
Victory
Defeat
🇦🇷 Portuguese · Argentina
1576
+5
🇵🇪 Franks · Peru
1436
+10
1328
+14
🇨🇱 Italians · Chile
966
+28
🇬🇧 Maya · United Kingdom
1302
-15
🇦🇹 Persians · Austria
1302
-15
🇷🇺 Franks · Russia
1296
-15
1283
-14
Lishen
0:26 Loom
9:04 Feudal Age
9:45 Double-Bit Axe
11:10 Fletching
25:21 Castle Age
25:24 Crossbowman
26:00 Bodkin Arrow
26:36 Thumb Ring
26:58 Padded Archer Armor
27:28 Ballistics
Chill It's A Game
8:55 Feudal Age
10:32 Double-Bit Axe
10:39 Loom
10:47 Horse Collar
23:25 Castle Age
21:37 Gold Mining
22:13 Scale Barding Armor
22:19 Forging
22:30 Bloodlines
24:59 Chain Barding Armor
26:12 Husbandry
Duke Jacques Petard Ray Pollock
7:14 Loom
10:55 Feudal Age
12:46 Double-Bit Axe
13:48 Fletching
13:58 Horse Collar
GabbyMister
10:44 Feudal Age
10:41 Loom
18:57 Scale Barding Armor
22:32 Castle Age
21:38 Forging
CTM | Grabiel
8:51 Loom
11:05 Feudal Age
14:57 Castle Age
13:04 Double-Bit Axe
28:18 Fletching
[PVS] Manu_X
4:37 Loom
10:34 Feudal Age
11:35 Double-Bit Axe
18:15 Fletching
21:52 Town Watch
23:27 Horse Collar
25:23 Man-at-Arms
28:39 Castle Age
27:50 Padded Archer Armor
30:03 Elite Skirmisher
31:07 Leather Archer Armor
CTM | Interestellar space
10:52 Feudal Age
15:04 Bloodlines
16:13 Forging
17:38 Scale Barding Armor
23:06 Castle Age
23:09 Light Cavalry
24:10 Husbandry
27:24 Iron Casting
31:31 Chain Barding Armor
CTM | KLIN
6:32 Loom
9:15 Feudal Age
10:13 Double-Bit Axe
15:35 Forging
23:44 Castle Age
22:32 Gold Mining
24:19 Scale Barding Armor
23:49 Light Cavalry
26:28 Husbandry
Connection lost

Rejoining the realm…

Still unreachable

The connection could not be restored.

Session expired

The server has moved on; the page needs a fresh start.